MID
LANSING LUGNUTS @ BURLINGTON BEES
07/29/2048
 
TOP OF THE 1ST
Lansing Lugnuts batting - Pitching for Burlington Bees : RHP Getachew El Sayed
Pitching: RHP Getachew El Sayed
Batting: RHB Luis Gomez 0-0: Foul Ball, location: 2F
0-1: Ball
1-1: SINGLE (Groundball, 6MD, EV 105.0 MPH)
Batting: LHB Timo Gomez 0-0: Ball
1-0: Called Strike
1-1: Ball
Luis Gomez steals 2nd base
2-1: Ground out 5-3 (Groundball, 5, EV 88.1 MPH)
Batting: RHB John Michener 0-0: Ground out 6-3 (Groundball, 6, EV 93.1 MPH)
Luis Gomez to third
Batting: RHB Raul de la Cruz 0-0: Ball
1-0: Ball
2-0: Ball
3-0: Called Strike
3-1: Base on Balls
Batting: SHB Gregg Whitecotton 0-0: Ball
1-0: Foul Ball, location: 2F
1-1: Foul Ball, location: 2F
1-2: Ball
2-2: Foul Ball, location: 2F
2-2: Ball
3-2: Strikes out swinging
Top of the 1st over - 0 runs, 1 hit, 0 errors, 2 left on base; Lansing 0 - Burlington 0
BOTTOM OF THE 1ST
Burlington Bees batting - Pitching for Lansing Lugnuts : RHP Takehide Tanaka
Pitching: RHP Takehide Tanaka
Batting: RHB Nick Lombardo 0-0: Called Strike
0-1: Ball
1-1: Ground out 6-3 (Groundball, 6M, EV 82.5 MPH)
Batting: RHB T.J. Gray 0-0: Ball
1-0: Bunt missed!
1-1: Foul Ball, location: 2F
1-2: Foul Ball, location: 2F
1-2: Ball
2-2: Ground out 4-3 (Groundball, 34D, EV 95.6 MPH)
Batting: LHB Dave Hicks 0-0: DOUBLE (Flyball, 89XD, EV 111.2 MPH)
Batting: RHB Kyler Seitz 0-0: Foul Ball, location: 2F
0-1: Ball
1-1: Ball
2-1: Ball
3-1: Foul Ball, location: 2F
3-2: Fly out, F8 (Flyball, 8LD, EV 110.0 MPH)
Bottom of the 1st over - 0 runs, 1 hit, 0 errors, 1 left on base; Lansing 0 - Burlington 0
TOP OF THE 2ND
Lansing Lugnuts batting - Pitching for Burlington Bees : RHP Getachew El Sayed
Batting: RHB Jamie Ogilvie 0-0: Ball
1-0: Called Strike
1-1: Foul Ball, location: 2F
1-2: Ball
2-2: Foul Ball, location: 2F
2-2: Ball
3-2: Foul Ball, location: 2F
3-2: Base on Balls
Batting: RHB Jose Ontiveros 0-0: Foul Ball, location: 2F
0-1: Called Strike
0-2: Strikes out swinging
Batting: RHB Dan Muns 0-0: Ball
Jamie Ogilvie steals 2nd base
1-0: Ball
2-0: Ground out 6-3 (Groundball, 6MS, EV 88.8 MPH)
Jamie Ogilvie to third
Batting: RHB Shunsuke Shiba Inu 0-0: Called Strike
0-1: Ball
1-1: Fly out, F8 (Flyball, 8RD, EV 105.6 MPH)
Top of the 2nd over - 0 runs, 0 hits, 0 errors, 1 left on base; Lansing 0 - Burlington 0
BOTTOM OF THE 2ND
Burlington Bees batting - Pitching for Lansing Lugnuts : RHP Takehide Tanaka
Batting: RHB Dean LeCroy 0-0: Ground out 6-3 (Groundball, 6, EV 105.0 MPH)
Batting: RHB Danny Bjarnson 0-0: Ball
1-0: Ball
2-0: Ball
3-0: Called Strike
3-1: Foul Ball, location: 2F
3-2: Ground out 3-1 (Groundball, 34, EV 96.2 MPH)
Batting: RHB Peter Westover 0-0: Ball
1-0: Called Strike
1-1: Ball
2-1: SINGLE (Groundball, 56D, EV 95.0 MPH)
Batting: RHB Wilford Harper 0-0: Swinging Strike
0-1: Ball
Peter Westover is caught stealing 2nd base 2-4
Bottom of the 2nd over - 0 runs, 1 hit, 0 errors, 0 left on base; Lansing 0 - Burlington 0
TOP OF THE 3RD
Lansing Lugnuts batting - Pitching for Burlington Bees : RHP Getachew El Sayed
Batting: RHB Luis Gomez 0-0: Called Strike
0-1: Ball
1-1: Foul Ball, location: 2F
1-2: Strikes out swinging
Batting: LHB Timo Gomez 0-0: Called Strike
0-1: Ball
1-1: Ball
2-1: Called Strike
2-2: Strikes out looking
Batting: RHB John Michener 0-0: Called Strike
0-1: Called Strike
0-2: Ball
1-2: Ground out 5-3 (Groundball, 56, EV 79.4 MPH)
Top of the 3rd over - 0 runs, 0 hits, 0 errors, 0 left on base; Lansing 0 - Burlington 0
BOTTOM OF THE 3RD
Burlington Bees batting - Pitching for Lansing Lugnuts : RHP Takehide Tanaka
Batting: RHB Wilford Harper 0-0: Called Strike
0-1: Ball
1-1: Ball
2-1: SINGLE (Groundball, 6MD, EV 98.1 MPH)
Batting: SHB Tim Connell 0-0: Ball
Balk!
Wilford Harper to second
1-0: Called Strike
1-1: Foul Ball, location: 2F
1-2: Strikes out looking
Batting: RHB Nick Lombardo 0-0: Called Strike
0-1: Called Strike
0-2: Ground out 6-3 (Groundball, 6, EV 82.5 MPH)
Batting: RHB T.J. Gray 0-0: Ball
1-0: Ball
2-0: Called Strike
Balk!
Wilford Harper to third
2-1: Called Strike
2-2: Foul Ball, location: 2F
2-2: Strikes out swinging
Bottom of the 3rd over - 0 runs, 1 hit, 0 errors, 1 left on base; Lansing 0 - Burlington 0
TOP OF THE 4TH
Lansing Lugnuts batting - Pitching for Burlington Bees : RHP Getachew El Sayed
Batting: RHB Raul de la Cruz 0-0: Swinging Strike
0-1: Swinging Strike
0-2: Ground out 4-3 (Groundball, 4, EV 101.2 MPH)
Batting: SHB Gregg Whitecotton 0-0: Ball
1-0: Ball
2-0: Called Strike
2-1: Ball
3-1: Foul Ball, location: 2F
3-2: Base on Balls
Batting: RHB Jamie Ogilvie 0-0: Ball
1-0: Ball
Gregg Whitecotton steals 2nd base
2-0: Swinging Strike
2-1: Ground out 5-3 (Groundball, 56S, EV 90.6 MPH)
Batting: RHB Jose Ontiveros 0-0: Ball
1-0: SINGLE (Groundball, 6MD, EV 96.2 MPH)
Gregg Whitecotton to third
Runner from 3rd tries for Home, SAFE, throw by CF to home
Batting: RHB Dan Muns 0-0: Ball
Jose Ontiveros steals 2nd base
1-0: DOUBLE (Flyball, 78XD, EV 107.5 MPH)
Jose Ontiveros scores
Batting: RHB Shunsuke Shiba Inu 0-0: Called Strike
0-1: Ball
1-1: Reached on error, E4 (Groundball, 4M, EV 90.0 MPH)
Dan Muns to third
Batting: RHB Luis Gomez 0-0: Ball
1-0: Foul Ball, location: 2F
1-1: Fielders Choice at 2nd, U4 (Groundball, 4M, EV 97.5 MPH)
Top of the 4th over - 2 runs, 2 hits, 1 error, 2 left on base; Lansing 2 - Burlington 0
BOTTOM OF THE 4TH
Burlington Bees batting - Pitching for Lansing Lugnuts : RHP Takehide Tanaka
Batting: LHB Dave Hicks 0-0: Ball
1-0: Ball
2-0: Hit by Pitch
Batting: RHB Kyler Seitz Pickoff Throw to First - Out! 1-3 CS
0-0: Ball
1-0: Ball
2-0: Swinging Strike
2-1: SINGLE (Groundball, 56D, EV 102.5 MPH)
Batting: RHB Dean LeCroy 0-0: Swinging Strike
0-1: Ball
1-1: Ball
2-1: Ball
3-1: Foul Ball, location: 2F
Balk!
Kyler Seitz to second
3-2: Ground out 5-3 (Groundball, 56S, EV 89.4 MPH)
Batting: RHB Danny Bjarnson 0-0: Called Strike
0-1: Foul Ball, location: 2F
0-2: Foul Ball, location: 2F
0-2: Foul Ball, location: 2F
0-2: Ball
1-2: Ball
2-2: Ground out 6-3 (Groundball, 6, EV 106.9 MPH)
Bottom of the 4th over - 0 runs, 1 hit, 0 errors, 1 left on base; Lansing 2 - Burlington 0
TOP OF THE 5TH
Lansing Lugnuts batting - Pitching for Burlington Bees : RHP Getachew El Sayed
Batting: LHB Timo Gomez 0-0: Ball
1-0: Ball
2-0: Ball
3-0: Called Strike
3-1: Foul Ball, location: 2F
3-2: Base on Balls
Pitching: RHP In Bea
Batting: RHB John Michener 0-0: Ball
Timo Gomez steals 2nd base
1-0: Called Strike
1-1: Ball
2-1: Swinging Strike
2-2: Strikes out swinging
Batting: RHB Raul de la Cruz 0-0: Called Strike
0-1: Called Strike
0-2: Foul Ball, location: 2F
0-2: Fly out, F9 (Flyball, 9S, EV 95.6 MPH)
Batting: SHB Gregg Whitecotton 0-0: Foul Ball, location: 2F
0-1: Ball
Timo Gomez steals 3rd base
1-1: Ball
2-1: Foul Ball, location: 2F
2-2: Ground out U3 (Groundball, 34S, EV 81.2 MPH)
Top of the 5th over - 0 runs, 0 hits, 0 errors, 1 left on base; Lansing 2 - Burlington 0
BOTTOM OF THE 5TH
Burlington Bees batting - Pitching for Lansing Lugnuts : RHP Takehide Tanaka
Batting: RHB Peter Westover 0-0: Swinging Strike
0-1: Ball
1-1: Fly out, F8 (Flyball, 89D, EV 101.9 MPH)
Batting: RHB Wilford Harper 0-0: Ball
1-0: Called Strike
1-1: Foul Ball, location: 2F
1-2: Ball
2-2: Foul Ball, location: 2F
2-2: Ball
3-2: Base on Balls
Batting: SHB Tim Connell 0-0: Called Strike
0-1: Foul Ball, location: 2F
0-2: Foul Ball, location: 2F
0-2: Strikes out swinging
Batting: RHB Nick Lombardo 0-0: Ball
1-0: Ground out 3-1 (Groundball, 34S, EV 81.9 MPH)
Bottom of the 5th over - 0 runs, 0 hits, 0 errors, 1 left on base; Lansing 2 - Burlington 0
TOP OF THE 6TH
Lansing Lugnuts batting - Pitching for Burlington Bees : RHP In Bea
Batting: RHB Jamie Ogilvie 0-0: Ball
1-0: Ball
2-0: Ball
3-0: Called Strike
3-1: Foul Ball, location: 2F
3-2: Base on Balls
Batting: RHB Jose Ontiveros 0-0: Ball
Jamie Ogilvie steals 2nd base
1-0: Foul Ball, location: 2F
1-1: Ground out 6-3 (Groundball, 6, EV 93.1 MPH)
Jamie Ogilvie to third
Batting: RHB Dan Muns 0-0: Ball
1-0: Foul Ball, location: 2F
1-1: Ball
2-1: Ball
3-1: Swinging Strike
3-2: Foul Ball, location: 2F
3-2: Fly out, F7 (Line Drive, 78D, EV 96.2 MPH)
Runner from 3rd tags up, SCORES, no throw by LF
Batting: RHB Shunsuke Shiba Inu 0-0: Swinging Strike
0-1: Called Strike
0-2: Ball
1-2: Foul Ball, location: 2F
1-2: Ball
2-2: Ball
3-2: Foul Ball, location: 2F
3-2: Ground out 6-3 (Groundball, 6S, EV 70.6 MPH)
Top of the 6th over - 1 run, 0 hits, 0 errors, 0 left on base; Lansing 3 - Burlington 0
BOTTOM OF THE 6TH
Burlington Bees batting - Pitching for Lansing Lugnuts : RHP Takehide Tanaka
Batting: RHB T.J. Gray 0-0: Ball
1-0: Ball
2-0: Swinging Strike
2-1: Called Strike
2-2: Strikes out looking
Batting: LHB Dave Hicks 0-0: Ball
1-0: Ball
2-0: Ball
3-0: Foul Ball, location: 2F
3-1: Foul Ball, location: 2F
3-2: Strikes out looking
Batting: RHB Kyler Seitz 0-0: Foul Ball, location: 2F
0-1: Ball
1-1: Hit by Pitch
Batting: RHB Dean LeCroy 0-0: SINGLE (Line Drive, 8RS, EV 94.4 MPH)
Kyler Seitz to second
Runner from 2nd tries for 3rd, SAFE, no throw by CF
Batting: RHB Danny Bjarnson 0-0: Called Strike
0-1: Called Strike
0-2: Fly out, F9 (Flyball, 9D, EV 93.8 MPH)
Bottom of the 6th over - 0 runs, 1 hit, 0 errors, 2 left on base; Lansing 3 - Burlington 0
TOP OF THE 7TH
Lansing Lugnuts batting - Pitching for Burlington Bees : RHP In Bea
Pitching: RHP Devin Spears
Batting: RHB Luis Gomez 0-0: Called Strike
0-1: Ball
1-1: Fly out, F2 (Popup, 2LF, EV 88.8 MPH)
Batting: LHB Timo Gomez 0-0: Ball
1-0: Called Strike
1-1: Ball
2-1: Swinging Strike
2-2: Ball
3-2: Base on Balls
Batting: RHB John Michener 0-0: Ball
Timo Gomez steals 2nd base
1-0: Foul Ball, location: 2F
1-1: Ball
2-1: Ball
3-1: Base on Balls
Batting: RHB Raul de la Cruz 0-0: Called Strike
Timo Gomez steals 3rd base
0-1: Ball
1-1: Called Strike
1-2: Ball
John Michener steals 2nd base
2-2: Foul Ball, location: 2F
2-2: Ball
3-2: Fly out, F1 (Line Drive, P, EV 70.0 MPH)
Batting: SHB Gregg Whitecotton 0-0: Called Strike
0-1: Ball
1-1: Foul Ball, location: 2F
1-2: Ball
2-2: Ball
3-2: Fly out, F5 (Popup, 25F, EV 83.8 MPH)
Top of the 7th over - 0 runs, 0 hits, 0 errors, 2 left on base; Lansing 3 - Burlington 0
BOTTOM OF THE 7TH
Burlington Bees batting - Pitching for Lansing Lugnuts : RHP Takehide Tanaka
Now in LF: Timo Gomez
Now in RF: Julio Canseco
Batting: RHB Peter Westover 0-0: Foul Ball, location: 2F
0-1: Called Strike
0-2: Ball
1-2: Ball
2-2: Foul Ball, location: 2F
2-2: Strikes out swinging wild pitch, reaches first!
Pitching: RHP Bill Couch
Batting: RHB Wilford Harper 0-0: Ball
1-0: Called Strike
Peter Westover steals 2nd base
1-1: Foul Ball, location: 2F
1-2: Strikes out looking
Batting: SHB Tim Connell 0-0: Called Strike
0-1: Ball
1-1: Ground out U3 (Groundball, 3, EV 105.6 MPH)
Peter Westover to third
Batting: RHB Nick Lombardo 0-0: Foul Ball, location: 2F
0-1: Ball
1-1: Reached on error, E6 (Groundball, 56, EV 94.4 MPH)
Peter Westover scores
Batting: RHB T.J. Gray 0-0: Called Strike
Passed Ball!
Nick Lombardo to third
0-1: Ground out 5-3 (Groundball, 56S, EV 86.9 MPH)
Bottom of the 7th over - 1 run, 0 hits, 1 error, 1 left on base; Lansing 3 - Burlington 1
TOP OF THE 8TH
Lansing Lugnuts batting - Pitching for Burlington Bees : RHP Devin Spears
Pitching: RHP Nick Madrid
Batting: RHB Jamie Ogilvie 0-0: Ball
1-0: Ball
2-0: Called Strike
2-1: Foul Ball, location: 2F
2-2: Hit by Pitch
Batting: RHB Jose Ontiveros 0-0: Ball
1-0: Ball
2-0: Ball
3-0: Called Strike
3-1: Swinging Strike
3-2: 2-RUN HOME RUN (Flyball, 7D, EV 98.8 MPH), Distance : 381 ft
Batting: RHB Dan Muns 0-0: Called Strike
0-1: Swinging Strike
0-2: Ball
1-2: Strikes out swinging
Batting: RHB Shunsuke Shiba Inu 0-0: Ball
1-0: Called Strike
1-1: Ball
2-1: Foul Ball, location: 2F
2-2: Ball
3-2: Ground out 5-3 (Groundball, 56S, EV 88.1 MPH)
Batting: LHB Julio Canseco 0-0: Swinging Strike
0-1: Fly out, F8 (Line Drive, 8RM, EV 91.9 MPH)
Top of the 8th over - 2 runs, 1 hit, 0 errors, 0 left on base; Lansing 5 - Burlington 1
BOTTOM OF THE 8TH
Burlington Bees batting - Pitching for Lansing Lugnuts : RHP Bill Couch
Now at 2B: Tristan Dennis
Batting: LHB Dave Hicks 0-0: Ball
1-0: Swinging Strike
1-1: Foul Ball, location: 2F
1-2: Strikes out swinging
Batting: RHB Kyler Seitz 0-0: Ball
1-0: Ball
2-0: Ground out 6-3 (Groundball, 6, EV 106.2 MPH)
Batting: RHB Dean LeCroy 0-0: Called Strike
0-1: Fly out, F8 (Flyball, 8LM, EV 78.8 MPH)
Bottom of the 8th over - 0 runs, 0 hits, 0 errors, 0 left on base; Lansing 5 - Burlington 1
TOP OF THE 9TH
Lansing Lugnuts batting - Pitching for Burlington Bees : RHP Nick Madrid
Pitching: RHP Tim Mumpower
Batting: LHB Timo Gomez 0-0: Called Strike
0-1: Ball
1-1: Ball
2-1: Swinging Strike
2-2: Fly out, F7 (Flyball, 7, EV 93.1 MPH)
Batting: RHB John Michener 0-0: Ball
1-0: Ball
2-0: Fly out, F9 (Flyball, 89M, EV 96.9 MPH)
Batting: RHB Raul de la Cruz 0-0: Called Strike
0-1: Ground out 5-3 (Groundball, 5L, EV 96.9 MPH)
Top of the 9th over - 0 runs, 0 hits, 0 errors, 0 left on base; Lansing 5 - Burlington 1
BOTTOM OF THE 9TH
Burlington Bees batting - Pitching for Lansing Lugnuts : RHP Bill Couch
Pitching: RHP Steve Schultz
Batting: RHB Danny Bjarnson 0-0: Ball
1-0: Ball
2-0: Swinging Strike
2-1: Foul Ball, location: 2F
2-2: Ball
3-2: SINGLE (Groundball, 6M, EV 100.0 MPH) (infield hit)
Batting: RHB Peter Westover 0-0: Called Strike
0-1: Called Strike
0-2: Ball
1-2: Ball
2-2: Foul Ball, location: 2F
2-2: SINGLE (Groundball, 34D, EV 105.6 MPH)
Danny Bjarnson to second
Pitching: LHP Nick Burnstein
Batting: RHB Wilford Harper 0-0: Ball
1-0: Swinging Strike
1-1: Ball
2-1: Ball
3-1: Base on Balls
Danny Bjarnson to third
Peter Westover to second
Pinch Hitting: RHB Ricky Mejicanos 0-0: Called Strike
0-1: Foul Ball, location: 2F
0-2: Strikes out swinging
Batting: RHB Nick Lombardo 0-0: Called Strike
0-1: Fielders Choice at 2nd, 3-6 (Groundball, 34, EV 98.1 MPH)
Danny Bjarnson scores
Peter Westover to third
Batting: RHB T.J. Gray 0-0: Called Strike
0-1: Ball
1-1: Swinging Strike
1-2: Strikes out swinging
Bottom of the 9th over - 1 run, 2 hits, 0 errors, 2 left on base; Lansing 5 - Burlington 2
Tuesday, March 28th , 2023 - OOTP Baseball 23.10 Build 110